 Dungeon Crawl Stone Soup version 0.28-a0-8-g6e044cfa68 (webtiles) character file.

Game seed: 9265780057795219063

1830 Sobieck the Nimble (level 9, -8/48 HPs)
             Began as a Tengu Conjurer on July 24, 2021.
             Was a Follower of Vehumet.
             Mangled by a boulder beetle (56 damage)
             ... on level 6 of the Dungeon.
             The game lasted 00:15:23 (7889 turns).

Sobieck the Nimble (Tengu Conjurer)                 Turns: 7889, Time: 00:15:23

Health: -8/48      AC:  4    Str:  8    XL:     9   Next: 11%
Magic:  13/16      EV: 19    Int: 21    God:    Vehumet [*.....]
Gold:   226        SH:  0    Dex: 13    Spells: 9/16 levels left

rFire   . . .      SeeInvis .   t - +1 scimitar (freeze) {long}
rCold   . . .      Faith    .   (no shield)
rNeg    . . .      Spirit   .   n - +2 animal skin
rPois   .          Reflect  .   (helmet restricted)
rElec   .          Harm     .   (no cloak)
rCorr   .          Rampage  .   (no gloves)
Will    .....                   (boots unavailable)
Stlth   ++........              (no amulet)
HPRegen 0.16/turn               (no ring)
MPRegen 0.15/turn               (no ring)

@: flying quickly and evasively, quick
A: beak, talons 3, nimble flight
a: Renounce Religion


You were on level 6 of the Dungeon.
You worshipped Vehumet.
Vehumet was aware of your devotion.
You visited 2 branches of the dungeon, and saw 7 of its levels.
You also visited: Sewer.

You collected 226 gold pieces.


Innate Abilities, Weirdness & Mutations

You have a beak for a mouth.
You have claws for feet.
Your magical nature lets you fly swiftly and evasively.


   Skills:
 - Level 2.0 Fighting
 + Level 9.2 Dodging
 - Level 4.0 Stealth
 + Level 4.3 Spellcasting
 + Level 8.3 Conjurations
 - Level 2.0 Translocations


You had 9 spell levels left.
You knew the following spells:

 Your Spells              Type           Power      Damage    Failure   Level
a - Magic Dart            Conj           100%       1d8       1%          1
b - Searing Ray           Conj           78%        3d6       1%          2
c - Iskenderun's Mystic   Conj/Tloc      26%        2d7       14%         4

Your spell library contained the following spells:

 Spells                   Type           Power      Damage    Failure   Level
 Freeze                   Ice            16%        1d4       12%         1
 Dazzling Flash           Conj/Hex       44%        N/A       6%          3
 Gell's Gravitas          Tloc           6%         N/A       16%         3
 Teleport Other           Tloc           12%        N/A       16%         3
 Sublimation of Blood     Necr           2%         N/A       19%         2
 Wereblood                Tmut           4%         N/A       19%         2
 Fulminant Prism          Conj/Hex       11%        3d9       21%         4
 Olgreb's Toxic Radiance  Pois           4%         N/A       75%         4
 Dispersal                Tloc           6%         N/A       100%        6
 Ozocubu's Refrigeration  Ice            2%         4d5       100%        7
 Summon Hydra             Summ           2%         N/A       100%        7
 Ignition                 Fire           2%         3d3       100%        8

Inventory:

Hand Weapons
 e - a +0 spear {polearm}
   (You found it on level 1 of the Dungeon)
 m - a +3 mace {mace}
   (You took it off Robin on level 3 of the Dungeon)
 t - a +1 scimitar of freezing (weapon) {long}
   (You found it on level 4 of the Dungeon)
Missiles
 b - 84 stones {throwing}
 i - 36 bolts
 k - 5 boomerangs of dispersal {=f!fthrowing}
 r - 28 poisoned darts {throwing}
 u - 18 arrows
 w - 20 sling bullets
Armour
 a - a +1 robe
 n - a +2 animal skin (worn)
   (You took it off Robin on level 3 of the Dungeon)
 s - the +3 leather armour "Bitzebb" {Drain rElec rPois Regen+}
   (You found it on level 5 of the Dungeon)

   rElec:     It insulates you from electricity.
   rPois:     It protects you from poison.
   Regen:     It increases your rate of health regeneration.
   Drain:     It drains your maximum health when unequipped.
Jewellery
 l - a ring of positive energy
   (You took it off a goblin on level 3 of the Dungeon)
Wands
 h - a wand of polymorph (10)
   (You took it off a goblin on level 2 of the Dungeon)
Scrolls
 c - 2 scrolls of fear
 d - a scroll of silence {!r}
 f - 2 scrolls of teleportation {@r4}
Potions
 g - 2 potions of might
 j - 2 potions of cancellation {unknown}
 o - a potion of attraction {unknown}
 p - 4 potions of curing {@q1}
 q - 4 potions of heal wounds {@q2}
 v - 2 potions of flight
 x - a potion of brilliance {unknown}

Dungeon Overview and Level Annotations

Branches:
Dungeon (6/15)             Temple (1/1) D:4           Sewer (visited)

Altars:
Ashenzari
Cheibriados
Dithmenos
Elyvilon
Fedhas
Gozag
Hepliaklqana
Kikubaaqudgha
Makhleb
Nemelex Xobeh
Qazlal
Ru
Sif Muna
Trog
Uskayaw
Vehumet
Wu Jian
Xom
Yredelemnul
Zin
The Shining One

Shops:
D:2 :([?*   D:4 :=(   D:5 (

Annotations:
D:2 exclusion: downstairs

####### ......#
#####.#
#####.#########
.....>........#
......#######.#
#####.# #.# #
#.#######.########
#
#.........○B@.<..#
#
#.#######°######.#
# #.........○B°.#
# #########.###°#
# #.# #○# # #
#.###.####.# #
....>.$..#.# #
...)......#
....B.###.#


You could see a boulder beetle (rolling).


Message History

😨 HP[-8]
You take 8 damage, and now have 18/48 hp.
The searing ray hits something!
Vehumet accepts your kill.
Reactivating autopickup.
You feel a bit more experienced. 😨 MP[-1]
You lost 1 mp, and now have 3/16 mp.
There is a stone staircase leading up, spattered with blood here.
You start resting. 😮 HP[+13] MP[+13]
You regained 13 hp, and now have 31/48 hp.
Your mp is fully restored (16).
You start resting. 😎 HP[+17]
Your hp is fully restored (48).
Unknown command.
Key pressed, stopping explore.
You can't see any susceptible monsters within range! (Use Z to cast anyway.) Unknown command.
You now have 226 gold pieces (gained 16).
Found a stone staircase leading down.
You see here a +0 kite shield.
A shadow imp comes into view.
The shadow imp shouts!
The magic dart hits the shadow imp but does no damage. 😎 MP[-1]
You lost 1 mp, and now have 15/16 mp.
The magic dart hits the shadow imp. 😎 MP[-1]
You lost 1 mp, and now have 14/16 mp.
Casting: Magic Dart (safe; 1% risk of failure)
Confirm with . or Enter, or press ? or * to list all spells.
Aiming: Searing Ray (safe; 1% risk of failure)
Press: ? - help, Shift-Dir - straight line, f/p - shadow imp
Aim: a shadow imp (lightly wounded, 78% to hit)
The searing ray hits the shadow imp. (Press . to maintain the ray.)
The shadow imp hits you. 😕 HP[-4] MP[-2]
You take 4 damage, and now have 44/48 hp.
You lost 2 mp, and now have 12/16 mp.
The searing ray hits the shadow imp!
You kill the shadow imp!
Vehumet accepts your kill. 😕 MP[-1]
You lost 1 mp, and now have 11/16 mp.
i - 36 bolts (gained 14)
o - a fuming emerald potion 😎 HP[+4] MP[+5]
Your hp is fully restored (48).
Your mp is fully restored (16).
Found an escape hatch in the ceiling.
A centaur zombie comes into view.
The magic dart hits the centaur zombie. 😎 MP[-1]
You lost 1 mp, and now have 15/16 mp.
The magic dart hits the centaur zombie. 😎 MP[-1]
You lost 1 mp, and now have 14/16 mp.
The magic dart hits the centaur zombie. 😎 MP[-1]
You lost 1 mp, and now have 13/16 mp.
The magic dart hits the centaur zombie! 😎 MP[-1]
You lost 1 mp, and now have 12/16 mp.
Casting: Magic Dart (safe; 1% risk of failure)
Confirm with . or Enter, or press ? or * to list all spells.
Aiming: Searing Ray (safe; 1% risk of failure)
Press: ? - help, Shift-Dir - straight line, f/p - centaur zombie
Aim: a centaur zombie (heavily damaged, 100% to hit)
The searing ray hits the centaur zombie! (Press . to maintain the ray.)
The centaur zombie barely misses you.
The centaur zombie kicks you but does no damage. 😎 MP[-2]
You lost 2 mp, and now have 10/16 mp.
The searing ray hits the centaur zombie!
The centaur zombie hits you.
The centaur zombie kicks you but does no damage. 😕 HP[-2] MP[-1]
You take 2 damage, and now have 46/48 hp.
You lost 1 mp, and now have 9/16 mp.
The searing ray hits the centaur zombie!
You destroy the centaur zombie!
Vehumet accepts your kill.
A boulder beetle is nearby! 😎 HP[+2] MP[+5]
Your hp is fully restored (48).
You regained 5 mp, and now have 14/16 mp.
The magic dart hits the boulder beetle but does no damage. 😎 MP[-1]
You lost 1 mp, and now have 13/16 mp.
The magic dart hits the boulder beetle but does no damage.
The boulder beetle curls into a ball and begins rolling! 😎 MP[-1]
You lost 1 mp, and now have 12/16 mp. 😎 MP[+1]
The boulder beetle hits you!!!
Ouch! That really hurt!
You die...

Skill      XL: |  1  2  3  4  5  6  7  8 |
---------------+-------------------------+-----
Fighting       | 1 2 |  2.0
Conjurations   | 6 7 8 |  8.3
Dodging        | 3 5 9 |  9.2
Spellcasting   | 3 4 |  4.3
Translocations | 2 |  2.0
Stealth        | 3 4 |  4.0

Action                   |  1- 3 |  4- 6 |  7- 9 || total
-------------------------+-------+-------+-------++-------
Melee: Spear             |       |    12 |       ||    12
       Mace              |       |     1 |       ||     1
       Scimitar          |       |       |    25 ||    25
       Peck              |       |       |     9 ||     9
       Kick              |       |       |     7 ||     7
 Cast: Magic Dart        |    60 |    86 |    37 ||   183
       Searing Ray       |     2 |    11 |    21 ||    34
  Use: Potion            |     1 |       |       ||     1
       Scroll            |       |     6 |     7 ||    13
 Stab: Sleeping          |       |       |     1 ||     1
Armor: Robe              |     5 |     4 |       ||     9
       Animal skin       |       |     1 |    12 ||    13
Dodge: Dodged            |     8 |    23 |    68 ||    99
       Rpst.: Scimitar   |       |     1 |    25 ||    26

Levels and vault maps discovered:
D:1:      mrwooster_arrival_statue_3, layout_loops_ring,
          shapermc_ecumenical_altar_mp_ritualfount
D:2:      layout_loops_ring, serial_shops, shop, shop, shop, shop_statue,
          nicolae_diamond_shop, minmay_worlds_worst_comb
D:3:      minmay_wonky_spiral, layout_basic,
          grunt_temple_overflow_order_and_chaos_1, serial_co_window_serial,
          co_window_corner_a, co_window_paths_a, co_window_paths_a,
          co_window_corner_a, co_window_corner_a, co_window_of_opportunity_a,
          co_window_corner_a, co_window_of_opportunity_a,
          co_window_of_opportunity_a, co_window_of_opportunity_b,
          co_window_2corner, co_window_2corner, co_window_4corner_b,
          co_window_paths_d, uniq_robin
D:4:      layout_basic, mainiacjoe_overflow_large_starburst,
          minmay_temple_entry_hall, serial_shops, kennysheep_mini_moat,
          nicolae_square_shop, nicolae_shop_waterfront, uniq_pikel
D:5:      layout_loops_cross, lemuel_doored_altar,
          lightli_ossuary_entry_decrepit_ruins, serial_shops, shop,
          portal_sewer_entry_e
D:6:      layout_loops_ring
Temple:   eino_temple_rhombus

Notes
Turn   | Place    | Note
-------+----------+-------------------------------------------
     0 | D:1      | Sobieck the Tengu Conjurer began the quest for the Orb.
     0 | D:1      | Reached XP level 1. HP: 10/10 MP: 4/4
     0 | D:1      | magus.rc [v1.9.6]
    18 | D:1      | You fall into a shaft and drop 1 floor!
    18 | D:2      | Found Ysiolulopso's Magic Scroll Emporium.
    53 | D:2      | Found Duhoc's General Store.
   323 | D:1      | Reached XP level 2. HP: 16/16 MP: 0/6
   449 | D:1      | You pick up a book of Blood and begin reading...
   449 | D:1      | You add the spells Sublimation of Blood, Wereblood and
                  | Summon Hydra to your library.
   526 | D:1      | Learned a level 2 spell: Searing Ray
   586 | D:1      | Found a faded altar of an unknown god.
  1185 | D:2      | Reached XP level 3. HP: 14/20 MP: 3/7
  1390 | D:2      | Reached skill level 1 in Fighting
  1470 | D:2      | Found Liycuabu's Book Shop.
  1474 | D:2      | Found Onisk's Weapon Emporium.
  1516 | D:2      | Reached skill level 6 in Conjurations
  1622 | D:2      | Found Jahops's Antique Armour Shoppe.
  1784 | D:3      | Noticed Robin
  1929 | D:2      | Reached XP level 4. HP: 24/25 MP: 3/8
  2008 | D:2      | You pick up a book of Conjurations {@e2} and begin
                  | reading...
  2817 | D:3      | Reached skill level 3 in Dodging
  2947 | D:3      | Gained mutation: Your magical nature lets you fly swiftly
                  | and evasively. [Tengu growth]
  2947 | D:3      | Reached XP level 5. HP: 30/30 MP: 5/10
  3368 | D:3      | Found a glowing silver altar of Zin.
  3372 | D:3      | Noticed an angel
  3376 | D:3      | Found a shimmering altar of Xom.
  3471 | D:3      | Killed Robin
  3538 | D:3      | You add the spells Gell's Gravitas, Teleport Other and
                  | Dispersal to your library.
  3992 | D:4      | Found a staircase to the Ecumenical Temple.
  3998 | Temple   | Entered the Ecumenical Temple
  4241 | D:4      | Reached skill level 2 in Fighting
  4241 | D:4      | Reached skill level 3 in Spellcasting
  4241 | D:4      | Reached skill level 7 in Conjurations
  4242 | D:4      | Reached XP level 6. HP: 35/35 MP: 4/12
  4304 | D:4      | Learned a level 4 spell: Iskenderun's Mystic Blast
  4385 | D:4      | Found Hanag's Weapon Emporium.
  4409 | D:4      | Found Fefal's Book Shoppe.
  4433 | D:4      | Found Gotten Soih's Jewellery Emporium.
  4797 | D:4      | Noticed a sky beast
  4803 | D:4      | Killed a sky beast
  4804 | D:4      | Reached skill level 4 in Dodging
  4804 | D:4      | Reached skill level 1 in Translocations
  4881 | D:4      | Reached skill level 4 in Spellcasting
  4961 | D:4      | Found an ancient bone altar of Kikubaaqudgha.
  4968 | D:4      | Found a radiant altar of Vehumet.
  5142 | D:4      | Became a worshipper of Vehumet
  5376 | D:4      | Noticed Pikel
  5387 | D:4      | Killed Pikel
  5388 | D:4      | Reached skill level 2 in Translocations
  5388 | D:4      | Reached skill level 5 in Dodging
  5388 | D:4      | Reached skill level 3 in Stealth
  5388 | D:4      | Reached skill level 8 in Conjurations
  5388 | D:4      | Reached XP level 7. HP: 35/40 MP: 2/14
  5388 | D:4      | Reached XP level 8. HP: 38/44 MP: 2/15
  5724 | D:5      | Entered Level 5 of the Dungeon
  5731 | D:4      | Reached skill level 4 in Stealth
  5951 | D:5      | Reached skill level 6 in Dodging
  6056 | D:5      | Found a glowing drain.
  6130 | Sewer    | Entered a sewer
  6358 | Sewer    | Found a white marble altar of Elyvilon.
  6529 | D:5      | You add the spells Olgreb's Toxic Radiance, Ozocubu's
                  | Refrigeration and Ignition to your library.
  6592 | D:5      | Reached skill level 7 in Dodging
  6643 | D:5      | Found Hyuw's Antique Weapon Shop.
  6664 | D:5      | Found a shadowy altar of Dithmenos.
  6811 | D:5      | Identified the +3 leather armour "Bitzebb" {Drain rElec
                  | rPois Regen+}
  6929 | D:5      | Reached skill level 8 in Dodging
  7432 | D:6      | Noticed a boulder beetle
  7464 | D:6      | Reached * piety under Vehumet
  7464 | D:6      | Offered knowledge of Freeze by Vehumet.
  7483 | D:6      | Reached skill level 9 in Dodging
  7483 | D:6      | Reached XP level 9. HP: 48/48 MP: 10/16
  7889 | D:6      | Mangled by a boulder beetle

Vanquished Creatures
  Pikel (D:4)
  A water moccasin (D:5)
  3 sky beasts
  A black bear (D:6)
  2 ogres (D:5)
  A lemure (D:4)
  A kobold brigand (Sewer)
  A bullfrog (D:4)
  2 scorpions (D:5)
  A centaur zombie (D:6)
  A jelly (D:5)
  2 hounds
  An orc priest (D:4)
  An orc wizard (D:3)
  A killer bee zombie (D:6)
  A hound skeleton (D:5)
  Robin (D:3)
  6 adders
  4 gnolls (D:4)
  4 river rats (Sewer)
  A shadow imp (D:6)
  A worm (D:3)
  A dart slug (D:2)
  10 orcs
  4 endoplasms
  3 giant cockroaches
  19 goblins
  12 hobgoblins
  A jackal (Sewer)
  6 kobolds
  A quokka (D:5)
  12 ball pythons
  7 bats
  A frilled lizard (D:2)
  8 rats
123 creatures vanquished.

Table legend:
 A = Non-vault XP
 B = Vault XP
 C = Vault XP percentage of total XP
 D = Non-vault monster count
 E = Vault monster count
 F = Vault count percentage of total count
                 A         B        C        D         E       F
            +---------+---------+-------+---------+---------+-------
      Total |    1703 |     912 |  34.9 |      87 |      35 |  28.7
            +---------+---------+-------+---------+---------+-------
        D:1 |      17 |       0 |   0.0 |      11 |       0 |   0.0
        D:2 |      69 |       4 |   5.5 |      24 |       2 |   7.7
        D:3 |      78 |      55 |  41.4 |      17 |      16 |  48.5
        D:4 |     388 |     673 |  63.4 |      18 |       1 |   5.3
        D:5 |     809 |      22 |   2.6 |      11 |       8 |  42.1
        D:6 |     342 |       0 |   0.0 |       6 |       0 |   0.0
      Sewer |       0 |     158 | 100.0 |       0 |       8 | 100.0
            +---------+---------+-------+---------+---------+-------

Illustrated notes

Table legend:
 A = Kills in this place as a percentage of kills in entire the game.
 B = Kills by you in this place as a percentage of kills by you in the entire game.
 C = Kills by friends in this place as a percentage of kills by friends in the entire game.
 D = Other kills in this place as a percentage of other kills in the entire game.
 E = Experience gained in this place as a percentage of experience gained in the entire game.
 F = Experience gained in this place divided by the number of levels of this place that you have seen.
                   A       B       C       D       E      F
               +-------+-------+-------+-------+-------+----------------------
         Total | 100.0 | 100.0 |   N/A |   N/A | 100.0 | 326.9
       Dungeon |  93.4 |  93.4 |   N/A |   N/A |  94.0 | 409.5
         Sewer |   6.6 |   6.6 |   N/A |   N/A |   6.0 | 158.0
               +-------+-------+-------+-------+-------+----------------------

Table legend: (Time is in decaauts)
 A = Elapsed time spent in this place.
 B = Non-inter-level travel time spent in this place.
 C = Inter-level travel time spent in this place.
 D = Time resting spent in this place.
 E = Time spent auto-exploring this place.
 F = Levels seen in this place.
 G = Mean time per level.
                   A        B        C        D        E       F      G
               +--------+--------+--------+--------+--------+-----+--------+
         Total |   7619 |   7259 |    360 |   1421 |   4938 |   8 |  952.4 |
       Dungeon |   7187 |   6834 |    353 |   1262 |   4748 |   6 | 1197.8 |
        Temple |    153 |    146 |      7 |      0 |    143 |   1 |  153.0 |
         Sewer |    278 |    278 |      0 |    159 |     47 |   1 |  278.0 |
               +--------+--------+--------+--------+--------+-----+--------+

Top non-repeatable levels by time:
     D:3: 1647 daAuts
     D:4: 1525 daAuts
     D:5: 1345 daAuts
     D:2: 1332 daAuts
     D:1: 905 daAuts
     D:6: 430 daAuts
   Sewer: 278 daAuts
  Temple: 153 daAuts
